 Dungeon Crawl Stone Soup version 0.30-a0-778-g2ef04afb54 (webtiles) character file.

Game seed: 1205519424517507027

1443 funkygono the Firebug (level 8, -3/42 HPs)
             Began as a Gargoyle Fire Elementalist on Feb 16, 2023.
             Slain by a wight
             ... wielding a +0 morningstar
              (6 damage)
             ... on level 6 of the Dungeon.
             The game lasted 00:09:27 (6873 turns).

funkygono the Firebug (Gargoyle Fire Elementalist)  Turns: 6873, Time: 00:09:27

Health: -3/42      AC:  8    Str: 11    XL:     8   Next: 74%
Magic:  16/17      EV: 12    Int: 19    God:
Gold:   195        SH:  0    Dex: 16    Spells: 9/19 levels left

rFire   . . .      SeeInvis .    q - +1 whip (elec)
rCold   . . .      Faith    .    (no shield)
rNeg    + . .      Spirit   .    a - +0 robe
rPois   ∞          Reflect  .    c - +0 helmet
rElec   +          Harm     .    (no cloak)
rCorr   .          Rampage  .    (no gloves)
Will    .....                    (no boots)
Stlth   ++                       k - amulet of the acrobat
HPRegen 0.27/turn                m - +6 ring of dexterity
MPRegen 0.15/turn                (no ring)

@: no status effects
A: sickness immunity, AC +5, negative energy resistance 1, electricity
resistance, torment resistance 1, petrification resistance
a: no special abilities


You were on level 6 of the Dungeon.
You visited 1 branch of the dungeon, and saw 6 of its levels.

You collected 195 gold pieces.

Inventory:

Hand Weapons
 h - a +0 whip
 q - a +1 whip of electrocution (weapon)
 y - a +3 quarterstaff of chaos
Missiles
 v - a throwing net
Armour
 a - a +0 robe (worn)
 c - a +0 helmet (worn)
 p - an orb of light
 z - a +1 cloak of preservation
Magical Staves
 e - a staff of cold
Jewellery
 i - a +4 ring of slaying
 k - an amulet of the acrobat (around neck)
 m - a +6 ring of dexterity (left hand)
 u - a ring of protection from fire
 C - a +6 ring of strength
 D - a ring of resist corrosion
Wands
 t - a wand of acid (8)
 w - a wand of flame (14)
Scrolls
 d - 5 scrolls of teleportation
 o - 2 scrolls of amnesia
 s - 2 scrolls of vulnerability
Potions
 b - a potion of magic
 f - a potion of attraction
 g - a potion of ambrosia {unknown}
 j - 4 potions of curing
 l - 2 potions of brilliance
 n - 2 potions of flight
 r - 5 potions of berserk rage
 x - 2 potions of haste
 A - a potion of lignification {unknown}


   Skills:
 + Level 0.7 Fighting
 + Level 0.7 Maces & Flails
 + Level 1.7 Dodging
 - Level 2.1 Stealth
 + Level 6.1 Spellcasting
 + Level 5.4 Conjurations
 + Level 7.1 Fire Magic


You had 9 spell levels left.
You knew the following spells:

 Your Spells              Type           Power      Damage    Failure   Level
a - Foxfire               Conj/Fire      100%       2x1d9     1%          1
b - Scorch                Fire           66%        2d8       1%          2
c - Kindle Blastsparks    Fire/Tloc/Air  28%        2d12      12%         3
d - Flame Wave            Conj/Fire      29%        2d9       9%          4

Your spell library contained the following spells:

 Spells                   Type           Power      Damage    Failure   Level
 Magic Dart               Conj           100%       1d8       1%          1
 Momentum Strike          Conj/Tloc      32%        3d8       5%          2
 Inner Flame              Hex/Fire       19%        N/A       8%          3
 Mephitic Cloud           Conj/Pois/Air  12%        N/A       16%         3
 Blink                    Tloc           10%        N/A       17%         2
 Call Imp                 Summ           5%         N/A       17%         2
 Lesser Beckoning         Tloc           10%        N/A       17%         2
 Cause Fear               Hex            2%         N/A       73%         4
 Discord                  Hex            2%         N/A       100%        8


Dungeon Overview and Level Annotations

Branches:
Dungeon (6/15)
 Temple: D:4-7

Altars:
Elyvilon
Okawaru
Qazlal
Trog
Uskayaw
Yredelemnul

Shops:
D:2 :

Annotations:
D:3 3 runed translucent doors, Crownlay's ghost, amateur HOFE; rlgrobin's ghost, weakling MeFi


Innate Abilities, Weirdness & Mutations

You are immune to sickness and miasma.
Your stone body is resilient. (AC +5)
You are immune to poison.
You resist negative energy. (rN+)
You are resistant to electric shocks. (rElec)
You are resistant to unholy torment.
You are immune to petrification.


Message History

The wight hits you with a +4 falchion!
Unknown command.
Casting: Scorch (safe; 1% risk of failure)
Confirm with . or Enter, or press ? or * to list all spells.
You conjure some foxfire!
The wight completely misses you.
Casting: Foxfire (safe; 1% risk of failure)
Confirm with . or Enter, or press ? or * to list all spells.
Flames lash the wight.
The wight is burned terribly!
You destroy the wight!
Your Fire Magic skill increases to level 7!
Unknown command.
Your foxfire dissipates! x2
Magic restored.
HP restored.
Items here: ))) [[[ †.
There is a stone staircase leading down here.
You climb downwards.
The orc wizard casts a spell.
The orc wizard flickers and vanishes!
Deactivating autopickup; reactivate with Ctrl-A.
The wight closely misses you.
The wight hits you with a +2 battleaxe of freezing!
The wight freezes you. The wight closely misses you.
The wight barely misses you.
There is a stone staircase leading up here.
Casting: Scorch (safe; 1% risk of failure)
Confirm with . or Enter, or press ? or * to list all spells.
You conjure some foxfire!
The wight hits you with a +0 morningstar!
The wight hits you with a +2 battleaxe of freezing.
The wight freezes you.
Unknown command.
The foxfire hits the wight.
The wight is lightly damaged.
The wight hits you with a +2 battleaxe of freezing!
* * * LOW HITPOINT WARNING * * *
The wight freezes you.
* * * LOW HITPOINT WARNING * * *
The wight hits you with a +0 morningstar.
You die...

## #. #. ## #.
.. #.#.##.####
#..z@z....#
#....####....#
### ...# ....
.#. #


You could see 2 wights.

Vanquished Creatures
  A water moccasin (D:5)
  2 black bears (D:5)
  An orc warrior (D:5)
  An ogre (D:5)
  A centaur (D:5)
  A phantom (D:5)
  A necrophage (D:4)
  2 scorpions (D:5)
  3 wights (D:5)
  A hound (D:5)
  A jelly (D:5)
  4 orc priests
  Crazy Yiuf (D:4)
  An iguana (D:4)
  4 orc wizards
  6 adders
  An ufetubus (D:5)
  An adder zombie (D:3)
  A worm (D:4)
  4 dart slugs
  13 orcs
  7 ball pythons
  4 endoplasms
  6 giant cockroaches
  9 goblins
  10 hobgoblins
  3 quokkas
  A ball python zombie (D:3)
  5 bats
  5 frilled lizards
  10 kobolds
  A rat (D:1)
112 creatures vanquished.

Vanquished Creatures (collateral kills)
  2 foxfires (D:5)
2 creatures vanquished.

Vanquished Creatures (others)
  380 foxfires
  5 plants (D:4)
  6 withered plants (D:3)
391 creatures vanquished.

Grand Total: 505 creatures vanquished

Notes
Turn   | Place    | Note
-------+----------+-------------------------------------------
     0 | D:1      | funkygono the Gargoyle Fire Elementalist began the quest
                  | for the Orb.
     0 | D:1      | Reached XP level 1. HP: 10/10 MP: 3/3
   281 | D:1      | Reached XP level 2. HP: 15/15 MP: 0/5
   284 | D:1      | Learned a level 2 spell: Scorch
   789 | D:1      | Reached XP level 3. HP: 19/19 MP: 3/6
   795 | D:1      | Learned a level 3 spell: Kindle Blastsparks
  1545 | D:2      | Found Voasawo's Book Boutique.
  2021 | D:3      | Reached XP level 4. HP: 24/24 MP: 4/7
  2046 | D:3      | Reached skill level 4 in Fire Magic
  2437 | D:3      | Found a runed translucent gate.
  2439 | D:3      | Found a runed translucent gate.
  2439 | D:3      | Found a runed translucent gate.
  2441 | D:3      | Noticed Crownlay's ghost (amateur HOFE)
  2441 | D:3      | Noticed rlgrobin's ghost (weakling MeFi)
  2650 | D:3      | Found a hide-covered altar of Uskayaw.
  2654 | D:3      | Reached XP level 5. HP: 28/28 MP: 1/9
  2659 | D:3      | Learned a level 4 spell: Flame Wave
  3070 | D:3      | Found a basalt altar of Yredelemnul.
  3361 | D:4      | HP: 1/28 [orc priest/divine providence (12)]
  3680 | D:4      | Found a stormy altar of Qazlal.
  3696 | D:4      | Found a runed translucent door.
  3697 | D:4      | Noticed Crazy Yiuf
  3926 | D:4      | Reached XP level 6. HP: 32/32 MP: 7/11
  4061 | D:4      | Found an iron altar of Okawaru.
  4510 | D:4      | Reached skill level 5 in Fire Magic
  4838 | D:4      | Found a white marble altar of Elyvilon.
  4917 | D:4      | Killed Crazy Yiuf
  5115 | D:5      | Entered Level 5 of the Dungeon
  5127 | D:5      | Reached XP level 7. HP: 32/37 MP: 7/13
  5583 | D:5      | Reached skill level 5 in Spellcasting
  5583 | D:5      | Reached skill level 6 in Fire Magic
  5633 | D:5      | Found a bloodstained altar of Trog.
  5902 | D:5      | Reached XP level 8. HP: 42/42 MP: 9/16
  6541 | D:5      | Reached skill level 5 in Conjurations
  6810 | D:5      | Reached skill level 7 in Fire Magic
  6873 | D:6      | Slain by a wight

Illustrated notes

Levels and vault maps discovered:
D:1:      lightli_arrival_statue_moat, layout_basic
D:2:      layout_loops_ring, serial_shops, nicolae_square_shop, corner_web_ring,
          dk_noncrumbling_4
D:3:      layout_basic, eat_drink_and_be_merry_uskayaw,
          lemuel_zombie_altar_yredelemnul, gammafunk_ghost_cemetery
D:4:      layout_loops_ring, mainiacjoe_overflow_surrounded_room,
          okawaru_altar_gauntlet_db, nicolae_elyvilon_temple_path,
          chequers_serial_rivers_large_a, uniq_crazy_yiuf_cottage
D:5:      layout_loops_corners, trog_ov_bears_minmay
D:6:      layout_basic, ebering_ghost_inner_flame

Skill      XL: |  1  2  3  4  5  6  7  8 |
---------------+-------------------------+-----
Conjurations   | 2 3 4 5 |  5.4
Fire Magic     | 4 5 6 7 |  7.1
Spellcasting   | 3 4 5 6 |  6.1
Fighting       | |  0.7
Maces & Flails | |  0.7
Dodging        | |  1.7
Stealth        | |  2.1

Action                     |  1- 3 |  4- 6 |  7- 9 || total
---------------------------+-------+-------+-------++-------
  Melee: Club              |    13 |       |       ||    13
         Whip              |     1 |    11 |     1 ||    13
   Cast: Foxfire           |    64 |    98 |    67 ||   229
         Scorch            |       |    10 |    17 ||    27
         Flame Wave        |       |       |     1 ||     1
    Use: Scroll            |       |     8 |     2 ||    10
 Armour: Robe              |     6 |    11 |     5 ||    22
  Dodge: Dodged            |    18 |    13 |    26 ||    57

Table legend: (Time is in decaauts)
 A = Elapsed time spent in this place.
 B = Non-inter-level travel time spent in this place.
 C = Inter-level travel time spent in this place.
 D = Time resting spent in this place.
 E = Time spent auto-exploring this place.
 F = Levels seen in this place.
 G = Mean time per level.
                   A        B        C        D        E       F      G
               +--------+--------+--------+--------+--------+-----+--------+
         Total |   6888 |   6695 |    193 |    163 |   5788 |   6 | 1148.0 |
       Dungeon |   6888 |   6695 |    193 |    163 |   5788 |   6 | 1148.0 |
               +--------+--------+--------+--------+--------+-----+--------+

Top non-repeatable levels by time:
     D:5: 1744 daAuts
     D:4: 1688 daAuts
     D:3: 1468 daAuts
     D:2: 986 daAuts
     D:1: 983 daAuts
     D:6: 16 daAuts
